 Dungeon Crawl Stone Soup version 0.30.1-4-g462c640d31 (webtiles) character file.

Game seed: 5709744429101482129

711 rvierbuc the Spear-Bearer (level 7, -5/60 HPs)
             Began as a Gnoll Wanderer on Aug 21, 2023.
             Slain by an ogre
             ... wielding a +0 giant spiked club
              (24 damage)
             ... on level 5 of the Dungeon.
             The game lasted 00:16:08 (3025 turns).

rvierbuc the Spear-Bearer (Gnoll Wanderer)          Turns: 3025, Time: 00:16:08

Health: -5/60      AC:  8    Str: 15    XL:     7   Next: 68%
Magic:  10/11      EV: 11    Int: 11    God:
Gold:   287        SH:  0    Dex: 14    Spells: 11/11 levels left

rFire   . . .        a - +3 mace
rCold   . . .        l - orb {*channel}
rNeg    . . .        w - +1 ring mail of the Usurping Gods {Will+}
rPois   .            (no helmet)
rElec   .            B - +0 cloak
rCorr   .            m - +0 pair of gloves
SInv    .            (no boots)
Will    +++..        x - amulet of regeneration
Stlth   +++          A - ring "Asudy" {Fly Will+ Int+2 Dex+2 Stlth+}
HPRegen 1.10/turn    y - ring of willpower
MPRegen 0.12/turn

%: channel magic (20%)
@: flying
A: fangs 1, strong nose, distributed training
a: no special abilities


You were on level 5 of the Dungeon.
You visited 1 branch of the dungeon, and saw 5 of its levels.

You collected 287 gold pieces.

Inventory:

Hand Weapons
 a - a +3 mace (weapon)
 b - a +0 spear
 z - a +2 sling of draining
 G - a +0 flail of protection
Missiles
 p - 2 curare-tipped darts (quivered)
 u - 3 javelins
 I - 3 poisoned darts
Armour
 d - a +0 leather armour
 l - an orb of energy (worn)
 m - a +0 pair of gloves (worn)
 o - a +0 pair of gloves
 w - the +1 ring mail of the Usurping Gods (worn) {Will+}
   (You found it on level 3 of the Dungeon)

   Will:      It increases your willpower.
 B - a +0 cloak (worn)
Jewellery
 g - an amulet of faith
 v - an amulet of faith
 x - an amulet of regeneration (around neck)
 y - a ring of willpower (right hand)
 A - the ring "Asudy" (left hand) {Fly Will+ Int+2 Dex+2 Stlth+}
   (You found it on level 3 of the Dungeon)

   [ring of willpower]

   Int:       It affects your intelligence (+2).
   Dex:       It affects your dexterity (+2).
   Fly:       It grants you flight.
   Will:      It increases your willpower.
   Stlth:     It makes you more stealthy.
 K - a ring of protection from cold
Wands
 H - a wand of polymorph (9)
Scrolls
 e - 2 scrolls of immolation {unknown}
 i - 4 scrolls of identify {unknown}
 j - 2 scrolls of enchant weapon {unknown}
 r - a scroll of blinking {unknown}
 C - a scroll of brand weapon {unknown}
 D - 5 scrolls of noise {unknown}
 E - 2 scrolls of teleportation {unknown}
 J - a scroll of enchant armour {unknown}
Potions
 c - 3 potions of heal wounds
 f - a potion of degeneration {unknown}
 h - a potion of attraction {unknown}
 k - 3 potions of curing {unknown}
 n - a potion of invisibility {unknown}
 q - a potion of flight {unknown}
 s - 2 potions of might {unknown}
 t - a potion of resistance {unknown}
 F - a potion of ambrosia {unknown}


   Skills:
 + Level 7.1 Fighting
 + Level 2.7 Short Blades
 + Level 2.7 Long Blades
 + Level 2.7 Axes
 + Level 7.1 Maces & Flails
 + Level 9.0 Polearms
 + Level 2.7 Staves
 + Level 2.7 Ranged Weapons
 + Level 2.7 Throwing
 + Level 2.7 Armour
 + Level 2.7 Dodging
 + Level 2.7 Stealth
 + Level 2.7 Shields
 + Level 2.7 Unarmed Combat
 + Level 2.7 Spellcasting
 + Level 2.2 Conjurations
 + Level 2.2 Hexes
 + Level 2.2 Summonings
 + Level 2.2 Necromancy
 + Level 2.2 Translocations
 + Level 2.2 Transmutations
 + Level 2.2 Fire Magic
 + Level 2.2 Ice Magic
 + Level 2.2 Air Magic
 + Level 2.2 Earth Magic
 + Level 2.2 Poison Magic
 + Level 3.0 Invocations
 + Level 2.7 Evocations


You had 11 spell levels left.
You didn't know any spells.
Your spell library contained the following spells:

 Spells                   Type           Power      Damage    Failure   Level
 Necrotise                Necr           24%        1d5       41%         1
 Vampiric Draining        Necr           6%         2d6       73%         3
 Vhi's Electric Charge    Tloc/Air       12%        N/A       73%         3
 Agony                    Necr           6%         N/A       100%        5
 Arcjolt                  Conj/Air       3%         1d13      100%        5
 Maxwell's Capacitive Co  Air            3%         ∞         100%        8


Dungeon Overview and Level Annotations

Branches:
Dungeon (5/15)
 Temple: D:4-7

Altars:
Kikubaaqudgha


Innate Abilities, Weirdness & Mutations

You have very sharp teeth.
Your uncanny sense of smell can sniff out nearby items.
Your experience applies equally to all skills.


Message History

The phantom hits you but does no damage.
The phantom attacks as you move away! The phantom barely misses you.
The phantom attacks as you move away!
The phantom hits you but does no damage.
You sock the phantom!
The phantom is moderately damaged.
The phantom hits you but does no damage.
You hit the phantom. Your bite misses the phantom.
The phantom is heavily damaged.
The phantom misses you.
You sock the phantom!
The phantom is almost destroyed.
The phantom hits you.
You hit the phantom but do no damage. You bite the phantom, but do no damage.
The phantom is almost destroyed.
The ogre misses you. The phantom hits you.
You barely miss the phantom.
The phantom is almost destroyed.
The ogre closely misses you. The phantom barely misses you.
You hit the phantom.
The phantom is almost destroyed.
The phantom hits you.
The ogre hits you with a +0 giant spiked club!!
* * * LOW HITPOINT WARNING * * *
The phantom attacks as you move away! The phantom closely misses you.
The phantom attacks as you move away! The phantom closely misses you.
The phantom attacks as you move away! The phantom barely misses you.
The phantom attacks as you move away! The phantom misses you.
The phantom attacks as you move away! The phantom barely misses you.
You don't know any spells.
You closely miss the phantom. Your bite misses the phantom.
The phantom is almost destroyed.
The phantom hits you but does no damage.
You hit the phantom.
You destroy the phantom!
Your Invocations skill increases to level 3!
There is a shaft here.
The ogre attacks as you move away!
The ogre hits you with a +0 giant spiked club!!
You die...

#.........# #..#............
#.........# ##........#####.
#.........### #.#.#.#.#......
#...........###..............
#####.........#.#..#.#.#.#.#..<..
........####.##..................
#######..# #..##..#.#.#.#.#.#....
########.####.##.................
.....###.[..#.##@#.#.#.#.#.#.#..#
####......#.#.###O..............#
#......#...# #.#.#.#.#.#.#...#
#......###...#............#..#
#..........#....#.#.#.#.#.#..#
#......###...#...........##..#
#..........#.....#.#.#.#.#....
#......##................#.##.
#......##..#...#.......#.#.###


You could see an ogre.

Vanquished Creatures
  2 ogres (D:5)
  2 phantoms (D:5)
  A scorpion (D:4)
  2 hounds (D:4)
  2 sleepcaps
  Natasha (thrice) (D:2)
  An orc wizard (D:4)
  2 adders
  2 ufetubi
  A worm (D:1)
  6 dart slugs
  11 orcs
  9 ball pythons
  5 bats
  6 endoplasms
  4 giant cockroaches
  5 goblins
  4 hobgoblins
  11 kobolds
  6 quokkas
  3 frilled lizards
  3 rats
91 creatures vanquished.

Notes
Turn   | Place    | Note
-------+----------+-------------------------------------------
     0 | D:1      | rvierbuc the Gnoll Wanderer began the quest for the Orb.
     0 | D:1      | rvierbuc set off with the following items: a +3 mace, a +0
                  | spear, a potion of heal wounds, a +0 leather armour.
     0 | D:1      | Reached XP level 1. HP: 23/23 MP: 1/1
   138 | D:1      | Reached XP level 2. HP: 29/29 MP: 2/2
   573 | D:1      | Reached XP level 3. HP: 35/35 MP: 3/3
   778 | D:2      | Reached skill level 1 in Invocations
   854 | D:2      | Noticed Natasha
   859 | D:2      | Killed Natasha
   860 | D:2      | Reached skill level 1 in Short Blades
   860 | D:2      | Reached skill level 1 in Long Blades
   860 | D:2      | Reached skill level 1 in Axes
   860 | D:2      | Reached skill level 1 in Staves
   860 | D:2      | Reached skill level 1 in Ranged Weapons
   860 | D:2      | Reached skill level 1 in Throwing
   860 | D:2      | Reached skill level 1 in Armour
   860 | D:2      | Reached skill level 1 in Dodging
   860 | D:2      | Reached skill level 1 in Stealth
   860 | D:2      | Reached skill level 1 in Shields
   860 | D:2      | Reached skill level 1 in Unarmed Combat
   860 | D:2      | Reached skill level 1 in Spellcasting
   860 | D:2      | Reached skill level 1 in Evocations
   860 | D:2      | Reached XP level 4. HP: 31/41 MP: 5/5
   915 | D:2      | Noticed Natasha
   922 | D:2      | Killed Natasha
   923 | D:2      | Reached skill level 1 in Conjurations
   923 | D:2      | Reached skill level 1 in Hexes
   923 | D:2      | Reached skill level 1 in Summonings
   923 | D:2      | Reached skill level 1 in Necromancy
   923 | D:2      | Reached skill level 1 in Translocations
   923 | D:2      | Reached skill level 1 in Transmutations
   923 | D:2      | Reached skill level 1 in Fire Magic
   923 | D:2      | Reached skill level 1 in Ice Magic
   923 | D:2      | Reached skill level 1 in Air Magic
   923 | D:2      | Reached skill level 1 in Earth Magic
   923 | D:2      | Reached skill level 1 in Poison Magic
  1080 | D:2      | Noticed Natasha
  1088 | D:2      | Killed Natasha
  1089 | D:2      | Reached XP level 5. HP: 35/47 MP: 5/7
  1559 | D:3      | Found a faded altar of an unknown god.
  1580 | D:3      | Identified the +1 ring mail of the Usurping Gods {Will+}
  1846 | D:3      | Identified the ring "Asudy" {Fly Will+ Int+2 Dex+2 Stlth+}
  2072 | D:4      | Reached XP level 6. HP: 40/53 MP: 8/8
  2174 | D:4      | Found an ancient bone altar of Kikubaaqudgha.
  2716 | D:5      | Entered Level 5 of the Dungeon
  2731 | D:5      | Reached XP level 7. HP: 39/60 MP: 10/10
  2913 | D:5      | Reached skill level 9 in Polearms
  3025 | D:5      | Slain by an ogre

Illustrated notes

Levels and vault maps discovered:
D:1:      dpeg_arrival_round_b, layout_basic, nicolae_wormholes
D:2:      layout_loops_cross, corexii_item_surrounded_by_moat, uniq_natasha
D:3:      layout_rooms, basic_ecumenical_altar
D:4:      layout_loops_cross, lemuel_round_altar, serial_glass, glass_columns_a,
          glass_columns_a
D:5:      layout_rooms, hex_medium, kennysheep_path_1

Skill      XL: |  1  2  3  4  5  6  7 |
---------------+----------------------+-----
Invocations    | 1 2 3 |  3.0
Short Blades   | 1 2 |  2.7
Long Blades    | 1 2 |  2.7
Axes           | 1 2 |  2.7
Staves         | 1 2 |  2.7
Ranged Weapons | 1 2 |  2.7
Throwing       | 1 2 |  2.7
Armour         | 1 2 |  2.7
Dodging        | 1 2 |  2.7
Stealth        | 1 2 |  2.7
Shields        | 1 2 |  2.7
Unarmed Combat | 1 2 |  2.7
Spellcasting   | 1 2 |  2.7
Evocations     | 1 2 |  2.7
Conjurations   | 1 2 |  2.2
Hexes          | 1 2 |  2.2
Summonings     | 1 2 |  2.2
Necromancy     | 1 2 |  2.2
Translocations | 1 2 |  2.2
Transmutations | 1 2 |  2.2
Fire Magic     | 1 2 |  2.2
Ice Magic      | 1 2 |  2.2
Air Magic      | 1 2 |  2.2
Earth Magic    | 1 2 |  2.2
Poison Magic   | 1 2 |  2.2
Fighting       | 7 |  7.1
Maces & Flails | 7 |  7.1
Polearms       | 9 |  9.0

Action                     |  1- 3 |  4- 6 |  7- 9 || total
---------------------------+-------+-------+-------++-------
  Melee: Mace              |    66 |   145 |    45 ||   256
         Bite              |    11 |    14 |     4 ||    29
   Fire: Sling             |       |       |     2 ||     2
   Stab: Sleeping          |       |     2 |       ||     2
 Armour: Leather armour    |    23 |     9 |       ||    32
         Ring mail         |       |    55 |    13 ||    68
  Dodge: Dodged            |    29 |    92 |    30 ||   151
